% Time on Ice - VICTORIA GLADIATORS
Lines # - Real PCT - Wanted PCT - Time Play
Normal Forward
1 - 35% - 36% - 18:06
2 - 33% - 34% - 16:54
3 - 24% - 24% - 12:12
4 - 9% - 6% - 4:34
Normal Defense
1 - 39% - 40% - 20:25
2 - 35% - 35% - 18:13
3 - 24% - 25% - 12:23
4 - 1% - 0% - 0:45
PP Forward
1 - 57% - 50% - 2:15
2 - 43% - 50% - 1:43
PP Defense
1 - 55% - 50% - 2:10
2 - 45% - 50% - 1:48
PK Forward
1 - 36% - 50% - 0:43
2 - 64% - 50% - 1:16
PK Defense
1 - 45% - 50% - 0:53
2 - 55% - 50% - 1:06
PK3 Forward
1 - 0% - 50%
2 - 0% - 50%
PK3 Defense
1 - 0% - 50%
2 - 0% - 50%
44 Forward
1 - 65% - 50% - 1:17
2 - 35% - 50% - 0:42
44 Defense
1 - 71% - 50% - 1:25
2 - 29% - 50% - 0:34
Last Minute Offensive  - 0:18
Last Minute Defensive  - 0:00
Total
Forward - 60:00
Defense - 60:00
% Time on Ice - LOS ANGELES SEALS
Lines # - Real PCT - Wanted PCT - Time Play
Normal Forward
1 - 33% - 36% - 16:59
2 - 30% - 31% - 15:38
3 - 21% - 23% - 11:02
4 - 16% - 10% - 8:25
Normal Defense
1 - 37% - 36% - 19:10
2 - 31% - 31% - 15:57
3 - 26% - 23% - 13:29
4 - 7% - 10% - 3:28
PP Forward
1 - 75% - 55% - 1:29
2 - 25% - 45% - 0:30
PP Defense
1 - 75% - 55% - 1:29
2 - 25% - 45% - 0:30
PK Forward
1 - 66% - 55% - 2:38
2 - 34% - 45% - 1:20
PK Defense
1 - 75% - 55% - 2:59
2 - 25% - 45% - 0:59
PK3 Forward
1 - 0% - 55%
2 - 0% - 45%
PK3 Defense
1 - 0% - 55%
2 - 0% - 45%
44 Forward
1 - 100% - 55% - 1:59
2 - 0% - 45% - 0:00
44 Defense
1 - 43% - 55% - 0:51
2 - 57% - 45% - 1:08
Last Minute Offensive  - 0:00
Last Minute Defensive  - 0:00
Total
Forward - 60:00
Defense - 60:00
Play-by-Play 1st period 0:01 of 1st period - Anze Kopitar wins face-off versus Jack Roslovic in neutral zone. 0:18 of 1st period - Kyle Connor is hit by Ryan Murray and loses puck. 0:26 of 1st period - Jeff Carter is hit by Duncan Keith and loses puck. 0:51 of 1st period - Marcus Pettersson is hit by Kyle Connor and loses puck. 1:21 of 1st period - Icing by Shayne Gostisbehere. 1:22 of 1st period - Mikael Backlund wins face-off versus Chris Conner in LOS ANGELES SEALS zone. 1:27 of 1st period - Shot by Bryan Rust. 1:27 of 1st period - Shot Hit the Post. 2:05 of 1st period - Shot by Jaden Schwartz. 2:05 of 1st period - Stopped by Carter Hutton without a rebound. 2:06 of 1st period - Jared McCann wins face-off versus Turner Elson in LOS ANGELES SEALS zone. 2:06 of 1st period - Conor Garland is hit by Adam Boqvist and loses puck. 3:43 of 1st period - Shot by Emil Bemstrom. 3:43 of 1st period - Deflect By Austin Watson. 3:43 of 1st period - Shot Blocked by Brady Skjei. 3:49 of 1st period - Shot by Kevin Rooney. 3:49 of 1st period - Goal by Kevin Rooney - VICTORIA GLADIATORS : 0 - LOS ANGELES SEALS : 1. 3:50 of 1st period - Jack Roslovic wins face-off versus Kyle Connor in neutral zone. 4:30 of 1st period - Icing by Brady Skjei. 4:31 of 1st period - Anze Kopitar wins face-off versus Chris Conner in VICTORIA GLADIATORS zone. 4:49 of 1st period - Shot by Darren Helm. 4:49 of 1st period - Shot Misses the Net. 6:03 of 1st period - Icing by Bryan Rust. 6:04 of 1st period - Mikael Backlund wins face-off versus Jack Roslovic in VICTORIA GLADIATORS zone. 6:04 of 1st period - Mikael Backlund is hit by Marcus Johansson. 6:28 of 1st period - Shot by Jeff Carter. 6:28 of 1st period - Shot Misses the Net. 6:30 of 1st period - Shot by Shayne Gostisbehere. 6:30 of 1st period - Deflect By Jeff Carter. 6:30 of 1st period - Stopped by Carter Hart without a rebound. 6:31 of 1st period - Derek Grant wins face-off versus Turner Elson in VICTORIA GLADIATORS zone. 6:44 of 1st period - Shot by Derek Grant. 6:44 of 1st period - Shot Misses the Net. 6:56 of 1st period - Shot by Patrick Maroon. 6:56 of 1st period - Shot Misses the Net. 6:58 of 1st period - Shot by Adam Boqvist. 6:58 of 1st period - Stopped by Carter Hart without a rebound. 6:59 of 1st period - Anze Kopitar wins face-off versus Marcus Johansson in VICTORIA GLADIATORS zone. 7:01 of 1st period - Icing by Kyle Connor. 7:02 of 1st period - Anze Kopitar wins face-off versus Jack Roslovic in VICTORIA GLADIATORS zone. 7:15 of 1st period - Shot by Anze Kopitar. 7:15 of 1st period - Stopped by Carter Hutton with a rebound. 7:23 of 1st period - Shot by Marcus Johansson. 7:23 of 1st period - Stopped by Carter Hart with a rebound. 7:26 of 1st period - Marcus Johansson is hit by Nikita Zaitsev and loses puck. 8:01 of 1st period - Austin Watson is hit by Nikita Zaitsev and loses puck. 8:26 of 1st period - Shot by Austin Watson. 8:26 of 1st period - Shot Misses the Net. 8:55 of 1st period - Icing by Nick Holden. 8:56 of 1st period - Derek Grant wins face-off versus Chris Conner in VICTORIA GLADIATORS zone. 9:03 of 1st period - Shot by Conor Garland. 9:03 of 1st period - Stopped by Carter Hutton without a rebound. 9:04 of 1st period - Chris Conner wins face-off versus Mikael Backlund in LOS ANGELES SEALS zone. 9:04 of 1st period - Chris Conner is hit by Bryan Rust. 9:15 of 1st period - Icing by Esa Lindell. 9:16 of 1st period - Jack Roslovic wins face-off versus Jaden Schwartz in VICTORIA GLADIATORS zone. 9:21 of 1st period - Shot by Marcus Johansson. 9:21 of 1st period - Stopped by Carter Hart without a rebound. 9:22 of 1st period - Derek Grant wins face-off versus Jack Roslovic in VICTORIA GLADIATORS zone. 9:37 of 1st period - Icing by Nick Holden. 9:38 of 1st period - Conor Garland wins face-off versus Turner Elson in VICTORIA GLADIATORS zone. 9:38 of 1st period - Conor Garland is hit by Patrick Maroon. 10:15 of 1st period - Icing by Adam Boqvist. 10:16 of 1st period - Mikael Backlund wins face-off versus Turner Elson in LOS ANGELES SEALS zone. 10:24 of 1st period - Shot by Bryan Rust. 10:24 of 1st period - Shot Misses the Net. 10:30 of 1st period - Shot by Bryan Rust. 10:30 of 1st period - Shot Misses the Net. 10:32 of 1st period - Shot by Bryan Rust. 10:32 of 1st period - Shot Misses the Net. 10:34 of 1st period - Shot by Bryan Rust. 10:34 of 1st period - Stopped by Carter Hutton without a rebound. 10:35 of 1st period - Johan Larsson wins face-off versus Chris Conner in LOS ANGELES SEALS zone. 11:53 of 1st period - Shot by Marcus Johansson. 11:53 of 1st period - Shot Misses the Net. 11:59 of 1st period - Shot by Jeff Carter. 11:59 of 1st period - Deflect By Marcus Johansson. 11:59 of 1st period - Stopped by Carter Hart with a rebound. 12:15 of 1st period - Shot by Kevin Rooney. 12:15 of 1st period - Stopped by Carter Hart without a rebound. 12:16 of 1st period - Turner Elson wins face-off versus Mikael Backlund in VICTORIA GLADIATORS zone. 12:41 of 1st period - Shot by Mikael Backlund. 12:41 of 1st period - Stopped by Carter Hutton without a rebound. 12:42 of 1st period - Chris Conner wins face-off versus Derek Grant in LOS ANGELES SEALS zone. 12:42 of 1st period - Chris Conner is hit by Derek Grant. 12:47 of 1st period - Off-side. 12:48 of 1st period - Derek Grant wins face-off versus Jack Roslovic in neutral zone. 13:31 of 1st period - Shot by Jeff Carter. 13:31 of 1st period - Stopped by Carter Hart without a rebound. 13:32 of 1st period - Mikael Backlund wins face-off versus Chris Conner in VICTORIA GLADIATORS zone. 13:34 of 1st period - Icing by Bryan Rust. 13:35 of 1st period - Chris Conner wins face-off versus Mikael Backlund in VICTORIA GLADIATORS zone. 13:38 of 1st period - Shot by Darren Helm. 13:38 of 1st period - Shot Misses the Net. 13:51 of 1st period - Icing by Noah Dobson. 13:52 of 1st period - Anze Kopitar wins face-off versus Chris Conner in LOS ANGELES SEALS zone. 13:52 of 1st period - Jakub Voracek is hit by Noah Dobson and loses puck. 14:17 of 1st period - Shot by Kyle Connor. 14:17 of 1st period - Shot Misses the Net. 14:36 of 1st period - Icing by Duncan Keith. 14:37 of 1st period - Anze Kopitar wins face-off versus Jack Roslovic in VICTORIA GLADIATORS zone. 15:11 of 1st period - Shot by Bryan Rust. 15:11 of 1st period - Stopped by Carter Hutton without a rebound. 15:12 of 1st period - Derek Grant wins face-off versus Emil Bemstrom in LOS ANGELES SEALS zone. 15:40 of 1st period - Icing by Kevin Rooney. 15:41 of 1st period - Mikael Backlund wins face-off versus Kevin Rooney in LOS ANGELES SEALS zone. 15:44 of 1st period - Shot by Jaden Schwartz. 15:44 of 1st period - Shot Misses the Net. 16:06 of 1st period - Shot by Bryan Rust. 16:06 of 1st period - Shot Misses the Net. 16:14 of 1st period - Shot by Mikael Backlund. 16:14 of 1st period - Deflect By Jaden Schwartz. 16:14 of 1st period - Shot Misses the Net. 16:16 of 1st period - Shot by Mikael Backlund. 16:16 of 1st period - Stopped by Carter Hutton without a rebound. 16:17 of 1st period - Anze Kopitar wins face-off versus Turner Elson in LOS ANGELES SEALS zone. 16:59 of 1st period - Minor Penalty to Marcus Pettersson for Hooking. 17:00 of 1st period - Tyler Johnson wins face-off versus Bryan Rust in LOS ANGELES SEALS zone. 17:44 of 1st period - Shot by Brady Skjei. 17:44 of 1st period - Stopped by Carter Hutton without a rebound. 17:45 of 1st period - Anze Kopitar wins face-off versus Patrick Maroon in LOS ANGELES SEALS zone. 17:46 of 1st period - Shot by Kyle Connor. 17:46 of 1st period - Deflect By Anze Kopitar. 17:46 of 1st period - Shot Misses the Net. 17:52 of 1st period - Shot by Kyle Connor. 17:52 of 1st period - Shot Hit the Post. 17:54 of 1st period - Shot by Anze Kopitar. 17:54 of 1st period - Shot Blocked by Jeff Carter. 18:04 of 1st period - Shot by Kyle Connor. 18:04 of 1st period - Shot Misses the Net. 18:06 of 1st period - Shot by Jakub Voracek. 18:06 of 1st period - Shot Hit the Post. 18:08 of 1st period - Shot by Torey Krug. 18:08 of 1st period - Shot Misses the Net. 19:29 of 1st period - Shot by Austin Watson. 19:29 of 1st period - Stopped by Carter Hart without a rebound. 19:29 of 1st period - Minor Penalty to Carter Hart for Delaying the game. 19:30 of 1st period - Johan Larsson wins face-off versus Patrick Maroon in VICTORIA GLADIATORS zone. 19:48 of 1st period - Off-side. 19:49 of 1st period - Johan Larsson wins face-off versus Jack Roslovic in neutral zone. Goals for this period are 0 for VICTORIA GLADIATORS vs 1